Map: Lost and Found LE

Players

NORTHAMERICA - Winner!

  • Race: Protoss Protoss
  • League: Grandmaster
  • Spawn Location: 7:00

SuperNova

  • Race: Terran Terran
  • League: Grandmaster
  • Spawn Location: 1:00

VOD

Have the link to the VOD?

Description

Time

  • Played on: Oct. 24, 2018, 11:47 p.m.
  • Length: 13:04
Show
View Real Time Build Order
Export as new Build Order

NORTHAMERICA Protoss - Winner!

Build Orders: 1 Gate Expand, Dark Templar Rush 

Get SALT Encoding   

  12  0:01  Probe  
  13  0:13  Probe  
  14  0:17  Pylon  
  14  0:25  Probe  
  15  0:34  Probe  
  15  0:39  Gateway  
  16  0:43  Probe  
  17  0:51  Probe  
  17  0:52  Assimilator  
  18  1:03  Probe  
  19  1:15  Probe  
  20  1:25  Nexus  
  20  1:35  Assimilator  
  20  1:42  Cybernetics Core, Probe  
  21  1:50  Pylon  
  21  1:55  Probe  
  22  2:07  Probe  
  23  2:10  Adept  
  23  2:19  Probe  
  23  2:20  Warp Gate  
  26  2:27  Stalker  
  26  2:28  Pylon  
  26  2:31  Probe  
  25  2:43  Probe x2  
  29  2:55  Probe x2  
  31  3:04  Twilight Council  
  30  3:06  Probe  
  30  3:07  Probe  
  32  3:15  Probe  
  32  3:19  Probe  
  34  3:23  Probe  
  35  3:31  Probe  
  35  3:33  Probe  
  37  3:42  Probe  
  37  3:43  Dark Shrine, Probe  
  37  3:46  Gateway  
  39  3:50  Probe  
  40  3:55  Probe  
  40  3:56  Stalker  
  40  4:00  Probe  
  44  4:03  Gateway  
  44  4:07  Probe  
  44  4:08  Charge, Pylon  
  45  4:12  Probe  
  46  4:20  Probe, Assimilator  
  46  4:22  Assimilator  
  47  4:24  Probe  
  47  4:29  Shield Battery  
  48  4:32  Probe  
  46  4:44  Probe  
  40  4:45  Probe  
  40  4:47  Gateway  
  41  4:56  Probe  
  41  4:57  Dark Templar  
  41  4:58  Probe  
  44  5:04  Dark Templar  
  46  5:08  Probe  
  46  5:13  Probe  
  48  5:18  Shield Battery  
  46  5:25  Probe  
  46  5:27  Probe  
  48  5:32  Robotics Facility  
  42  5:37  Probe  
  42  5:38  Dark Templar  
  42  5:39  Probe  
  42  5:42  Stalker  
  46  5:49  Probe  
  47  5:51  Probe  
  47  5:58  Stalker  
  47  6:00  Probe  
  47  6:03  Shadow Stride  
  48  6:16  Dark Templar x3  
  53  6:23  Dark Templar  
  55  6:26  Observer  
  54  6:37  Pylon  
  54  6:49  Probe  
  54  6:51  Probe  
  56  6:54  Gateway  
  56  6:55  Dark Templar  
  56  6:56  Pylon, Dark Templar  
  56  7:01  Probe, Gateway  
  59  7:16  Dark Templar  
  59  7:19  Probe  
  59  7:21  Observer  
  63  7:27  Pylon  
  63  7:33  Dark Templar  
  63  7:34  Zealot x2  
  69  7:39  Pylon  
  69  7:49  Dark Templar  
  71  7:54  Dark Templar  
  71  7:55  Zealot  
  75  8:01  Zealot  
  77  8:09  Pylon  
  77  8:10  Zealot x2  
  80  8:17  Dark Templar  
  76  8:28  Zealot x3  
  76  8:30  Immortal  
  76  8:38  Dark Templar  
  76  8:39  Dark Templar  
  73  8:48  Probe  
  70  9:00  Zealot x2  
  70  9:01  Zealot x2  
  78  9:06  Probe  
  78  9:08  Probe  
  78  9:09  Archon  
  79  9:10  Observer  
  79  9:18  Probe, Blink  
  79  9:20  Probe  
  77  9:30  Probe, Zealot x4  
  85  9:31  Observer  
  85  9:32  Probe  
  80  9:42  Probe  
  80  9:44  Probe  
  78  9:54  Dark Templar  
  78  9:55  Nexus, Dark Templar x2  
  74  10:00  Probe  
  74  10:04  Probe  
  74  10:06  Warp Prism  
  72  10:09  Stalker  
  76  10:22  Archon  
  76  10:27  Stalker, Gateway  
  76  10:28  Stalker  
  76  10:39  Probe  
  76  10:40  Pylon  
  77  10:45  Pylon  
  77  10:53  Pylon  
  77  10:57  Stalker x2  
  77  10:58  Stalker x2  
  85  11:14  Immortal  
  87  11:22  Probe  
  80  11:26  Dark Templar  
  80  11:27  Dark Templar x4  
  85  11:40  Probe x2  
  81  11:48  Probe  
  81  11:53  Probe  
  75  11:55  Zealot  
  75  11:59  Probe  
  76  12:01  Zealot x4  
  76  12:02  Zealot  
  76  12:07  Forge  
  86  12:10  Observer  
  86  12:14  Dark Templar  
  86  12:15  Dark Templar  
  91  12:18  Dark Templar  
  91  12:22  Dark Templar  
  95  12:23  Zealot x3  
  95  12:25  Archon  
  95  12:26  Archon  
  101  12:30  Probe  
  102  12:37  Assimilator  
  102  12:39  Assimilator  
  102  12:40  Stalker x2  
  102  12:44  Zealot x3  
Show
View Real Time Build Order
Export as new Build Order

SuperNova Terran 

Build Orders: 1/1/1, Mech, Banshee Rush 

Get SALT Encoding   

  12  0:00  SCV  
  13  0:12  SCV  
  14  0:17  Supply Depot  
  14  0:25  SCV  
  15  0:29  Refinery  
  15  0:39  SCV  
  16  0:46  Barracks  
  16  0:51  SCV  
  16  0:57  Refinery  
  17  1:04  SCV  
  18  1:16  SCV  
  19  1:33  Orbital Command  
  19  1:34  Reaper  
  20  1:40  Factory  
  20  1:48  Supply Depot  
  20  1:58  SCV  
  21  2:11  SCV  
  22  2:23  SCV  
  22  2:26  Factory Reactor  
  22  2:27  Starport  
  23  2:35  SCV  
  24  2:47  SCV  
  25  2:52  Command Center  
  25  3:06  Widow Mine x2, Medivac  
  25  3:08  Supply Depot  
  31  3:20  Barracks Tech Lab  
  31  3:30  Widow Mine, SCV  
  31  3:31  Supply Depot  
  34  3:36  Widow Mine  
  36  3:47  Cloaking Field  
  36  3:48  Banshee  
  36  3:55  Supply Depot  
  39  3:56  SCV  
  40  4:04  Factory Tech Lab  
  40  4:05  Orbital Command  
  40  4:08  Marine x2  
  42  4:11  SCV  
  42  4:23  Siege Tank  
  45  4:28  Marine x2  
  45  4:29  SCV  
  46  4:47  Banshee  
  46  4:50  SCV  
  50  4:54  Marine x2  
  50  4:55  Siege Tank, Orbital Command  
  53  5:03  SCV  
  54  5:07  Bunker  
  54  5:14  Command Center  
  54  5:27  Siege Tank  
  49  5:39  Raven  
  49  5:41  SCV  
  49  5:42  SCV  
  50  5:46  Marine x2  
  52  5:53  SCV  
  52  5:54  Supply Depot, SCV  
  52  6:05  SCV  
  52  6:06  SCV  
  52  6:07  Supply Depot  
  51  6:15  Refinery  
  51  6:16  Refinery  
  51  6:18  SCV  
  52  6:22  Engineering Bay  
  52  6:26  SCV  
  52  6:29  Marine  
  52  6:31  Marine  
  55  6:34  SCV  
  55  6:39  SCV  
  57  6:46  SCV  
  58  6:51  SCV, Marine  
  60  6:58  SCV  
  61  7:03  SCV  
  62  7:08  Orbital Command  
  62  7:11  SCV  
  62  7:15  SCV  
  64  7:17  Marine  
  64  7:19  Marine  
  66  7:23  SCV  
  66  7:27  SCV  
  68  7:31  Siege Tank  
  68  7:34  Raven  
  68  7:35  SCV  
  68  7:37  SCV, Marine  
  74  7:39  SCV  
  77  7:47  SCV  
  77  7:50  SCV  
  79  7:51  SCV  
  79  7:53  Factory  
  79  7:55  Marine  
  79  7:56  Marine  
  82  7:59  SCV, Factory  
  82  8:02  SCV  
  82  8:04  SCV  
  85  8:06  Siege Tank  
  85  8:11  SCV  
  89  8:14  SCV  
  89  8:16  Missile Turret  
  89  8:18  SCV  
  91  8:20  Marine  
  91  8:22  Bunker x2  
  91  8:23  Missile Turret, SCV  
  80  8:29  Marine  
  59  8:35  SCV  
  59  8:38  Siege Tank, SCV, Marine  
  59  8:40  SCV  
  50  8:44  Hellion  
  50  8:47  SCV, Marine  
  53  8:51  SCV  
  53  8:53  SCV  
  53  8:54  Hellion  
  54  8:56  Marine  
  54  8:59  SCV  
  49  9:04  Marine  
  49  9:09  Hellion  
  50  9:10  Hellion  
  50  9:14  Marine  
  50  9:16  Hellion  
  49  9:25  Marine  
  49  9:30  Hellion  
  47  9:31  Orbital Command  
  47  9:32  Hellion  
  47  9:37  Hellion  
  38  9:51  Hellion  
  37  9:53  Hellion  
  37  9:57  Orbital Command  
  37  9:59  Hellion  
  33  10:11  SCV  
  33  10:13  Hellion  
  36  10:14  Hellion  
  36  10:15  SCV  
  36  10:20  Hellion  
  41  10:23  SCV  
  41  10:26  SCV  
  41  10:27  SCV  
  44  10:34  Hellion  
  44  10:35  SCV  
  47  10:36  Factory Tech Lab  
  47  10:38  Liberator  
  47  10:39  Armory, SCV x2  
  49  10:43  Hellion  
  49  10:47  SCV  
  55  10:59  SCV  
  56  11:06  Siege Tank  
  59  11:12  Orbital Command  
  59  11:19  Hellion  
  57  11:25  Hellion  
  57  11:29  SCV  
  52  11:40  Siege Tank  
  41  11:51  SCV  
  41  11:53  SCV  
  40  11:56  SCV  
  41  12:03  SCV  
  44  12:08  Hellion  
  44  12:09  Hellion  
  46  12:18  Siege Tank  
  46  12:19  SCV  
  46  12:21  SCV  
  51  12:26  SCV  
  52  12:31  SCV  
  52  12:33  SCV  
  54  12:40  SCV, Hellion x2  
  54  12:43  SCV  
  60  12:45  SCV  
Tags
 
Add a new tag
Caveats
  • Supply blocks, unpowered buildings, or Contaminate may cause inaccurate times.
  • Supply counts are checked every 10 seconds.